AoeStats
← TBOMazatzi

Arena

505757762Analyzed
3v3 RM · 20d ago on Sep 10, 2026· 42m 22s· 6 players
Game mode
Random Map
Map size
Normal (6 player)
Population
200
Speed
Normal
Resources
Standard
Victory
Conquest
Starting age
Dark Age
Ending age
Imperial Age
RankedLock teamsTeams togetherTeam positionsShared explorationLock speedFull tech treeHidden civsTurbo modeCheats
Victory
Defeat
🇲🇽 Slavs · Mexico
1492
+12
🇲🇽 Huns · Mexico
1486
+12
🇲🇽 Persians · Mexico
1483
+12
🇺🇸 Saracens · United States
1452
-14
🇺🇸 Byzantines · United States
1381
-11
🇺🇸 Inca · United States
1380
-11
UrielMazatzi
10:59 Feudal Age
14:32 Castle Age
12:20 Double-Bit Axe
12:43 Horse Collar
16:06 Bow Saw
18:01 Heavy Plow
23:37 Wheelbarrow
28:01 Imperial Age
26:04 Scale Barding Armor
26:10 Forging
26:32 Scale Barding Armor
26:38 Forging
26:22 Loom
26:22 Town Watch
26:53 Hand Cart
28:15 Chain Barding Armor
28:38 Bloodlines
28:29 Husbandry
29:52 Plate Barding Armor
29:52 Iron Casting
29:39 Gold Mining
29:39 Stone Mining
29:57 Marauders
29:20 Elite Tarkan
31:30 Conscription
32:50 Blast Furnace
33:45 Fletching
33:56 Padded Archer Armor
34:17 Ballistics
34:57 Chemistry
35:41 Bodkin Arrow
36:01 Leather Archer Armor
35:14 Light Cavalry
36:24 Bracer
36:58 Thumb Ring
36:14 Elite Skirmisher
36:15 Heavy Cavalry Archer
37:23 Parthian Tactics
36:30 Hussar
TBOMazatzi
10:39 Feudal Age
14:22 Castle Age
12:44 Double-Bit Axe
13:33 Horse Collar
15:20 Bow Saw
22:30 Heavy Plow
24:13 Wheelbarrow
24:16 Gold Mining
29:14 Imperial Age
27:02 Hand Cart
26:32 Town Watch
26:33 Loom
28:01 Gold Shaft Mining
29:24 Padded Archer Armor
30:32 Chemistry
30:20 Conscription
31:23 Two-Man Saw
31:08 Crop Rotation
31:16 Leather Archer Armor
31:46 Masonry
31:57 Ballistics
31:35 Murder Holes
33:59 Ring Archer Armor
33:35 Scale Barding Armor
34:17 Bloodlines
34:08 Husbandry
33:31 Light Cavalry
34:12 Hussar
37:42 Chain Barding Armor
37:32 Forging
38:36 Town Patrol
39:14 Plate Barding Armor
39:18 Cavalier
40:37 Iron Casting
41:17 Savar
TBO Comico
10:43 Feudal Age
14:31 Castle Age
12:51 Double-Bit Axe
19:16 Loom
20:50 Wheelbarrow
20:05 Town Watch
20:43 Horse Collar
22:13 Bow Saw
24:25 Heavy Plow
24:45 Gold Mining
24:47 Stone Mining
29:28 Imperial Age
28:00 Gold Shaft Mining
27:56 Town Patrol
28:11 Hand Cart
28:29 Hand Cart
28:33 Forging
28:50 Scale Barding Armor
29:48 Iron Casting
29:55 Bloodlines
29:45 Husbandry
30:09 Detinets
30:31 Conscription
30:54 Chain Barding Armor
30:27 Elite Boyar
32:49 Plate Barding Armor
33:15 Blast Furnace
dvorakkrazy
10:13 Feudal Age
13:47 Castle Age
12:02 Double-Bit Axe
12:22 Horse Collar
15:05 Bow Saw
20:42 Heavy Plow
22:58 Wheelbarrow
22:31 Gold Mining
24:03 Stone Mining
24:03 Loom
28:39 Imperial Age
27:14 Masonry
27:03 Town Watch
27:33 Hand Cart
27:37 Scale Barding Armor
28:22 Gold Shaft Mining
30:21 Chemistry
29:59 Conscription
29:22 Capped Ram
29:41 Onager
30:46 Husbandry
30:57 Bloodlines
30:53 Light Cavalry
31:05 Siege Ram
32:56 Siege Engineers
33:17 Chain Barding Armor
33:07 Forging
33:40 Siege Onager
35:20 Plate Barding Armor
34:35 Fletching
35:58 Elite Mameluke
37:40 Hoardings
38:51 Iron Casting
38:12 Bodkin Arrow
40:54 Counterweights
Wonderphil
10:27 Feudal Age
15:28 Castle Age
14:02 Double-Bit Axe
14:39 Horse Collar
16:07 Light Cavalry
22:49 Bow Saw
25:17 Wheelbarrow
24:45 Heavy Plow
26:11 Loom
30:16 Imperial Age
28:45 Scale Mail Armor
28:55 Forging
28:09 Pikeman
28:49 Squires
28:35 Arson
28:41 Elite Skirmisher
29:13 Fletching
29:24 Padded Archer Armor
29:58 Gold Mining
29:58 Stone Mining
31:57 Chemistry
30:31 Halberdier
31:27 Chain Mail Armor
33:05 Two-Man Saw
33:56 Ballistics
34:37 Leather Archer Armor
34:18 Bodkin Arrow
34:52 Conscription
36:04 Ring Archer Armor
Play_the_Puck
10:09 Feudal Age
14:09 Castle Age
12:46 Double-Bit Axe
13:17 Horse Collar
16:17 Bow Saw
16:36 Heavy Plow
19:53 Gold Mining
21:19 Stone Mining
24:01 Wheelbarrow
26:53 Imperial Age
24:34 Loom
25:15 Hand Cart
26:55 Masonry
27:05 Ballistics
26:39 Fletching
26:51 Scale Mail Armor
27:01 Forging
26:57 Squires
27:55 Chain Mail Armor
27:31 Fletching
28:48 Chemistry
27:39 Town Watch
30:36 Plate Mail Armor
30:07 Elite Kamayuk
30:36 Pikeman
33:16 Iron Casting
33:46 Bodkin Arrow
35:05 Hoardings
34:31 Halberdier
35:34 Conscription
35:29 Bracer
36:57 Capped Ram
38:09 Siege Ram
42:51 Siege Engineers
Connection lost

Rejoining the realm…

Still unreachable

The connection could not be restored.

Session expired

The server has moved on; the page needs a fresh start.